 Dungeon Crawl Stone Soup version 0.30-a0-972-gf3ab3527aa (webtiles) character file.

Game seed: 9334088792769148326

330 testman the Conjurer (level 6, 0/56 HPs)
             Began as a Draconian Conjurer on Mar 31, 2023.
             Was an Initiate of Vehumet.
             Slain by Pargi (2 damage)
             ... on level 3 of the Dungeon.
             The game lasted 00:12:41 (2601 turns).

testman the Conjurer (Draconian Conjurer)           Turns: 2601, Time: 00:12:42

Health: 0/56       AC:  6    Str:  8 (9)  XL:     6   Next: 26%
Magic:  0/15       EV: 12    Int: 18 (21) God:    Vehumet [......]
Gold:   97         SH:  0    Dex:  7 (9)  Spells: 11/17 levels left

rFire   . . .      SeeInvis .    q - +2 whip (freeze)
rCold   . . .      Faith    .    (no shield)
rNeg    . . .      Spirit   .    (body armour unavailable)
rPois   .          Reflect  .    (helmet restricted)
rElec   .          Rampage  .    (no cloak)
rCorr   .                        (no gloves)
Will    .....                    (no boots)
Stlth   +                        (no amulet)
HPRegen 0.29/turn                (no ring)
MPRegen 0.14/turn                (no ring)

@: mighty, flying, very slightly contaminated, invisible
A: AC +6, unfitting armour, cold-blooded
a: Renounce Religion


You were on level 3 of the Dungeon.
You worshipped Vehumet.
Vehumet was noncommittal.
You visited 1 branch of the dungeon, and saw 3 of its levels.

You collected 97 gold pieces.

Inventory:

Hand Weapons
 f - a +0 dagger
 q - a +2 whip of freezing (weapon)
Magical Staves
 d - a staff of air
Jewellery
 a - an amulet of guardian spirit
Scrolls
 c - 2 scrolls of fog {unknown}
 h - 2 scrolls of noise {unknown}
 i - a scroll of teleportation {unknown}
 j - 2 scrolls of blinking {unknown}
 k - 4 scrolls of identify {unknown}
 m - 2 scrolls of amnesia {unknown}
 o - a scroll of summoning {unknown}
Potions
 b - 2 potions of flight
 g - a potion of degeneration
 p - 2 potions of curing


   Skills:
 - Level 5.0 Fighting
 - Level 4.3 Dodging
 - Level 1.7 Stealth
 - Level 6.3 Spellcasting
 - Level 7.7 Conjurations
 + Level 3.6 Hexes
 - Level 4.4 Translocations


You had 11 spell levels left.
You knew the following spells:

 Your Spells              Type           Power      Damage    Failure   Level
a - Magic Dart            Conj           100%       1d8       1%          1
b - Searing Ray           Conj           66%        2d6       1%          2
c - Dazzling Flash        Conj/Hex       52%        N/A       3%          3

Your spell library contained the following spells:

 Spells                   Type           Power      Damage    Failure   Level
 Iskenderun's Mystic Bla  Conj/Tloc      27%        2d7       10%         4
 Fulminant Prism          Conj/Hex       13%        3d8       11%         4
 Kindle Blastsparks       Fire/Tloc/Air  20%        2d11      19%         3
 Ignite Poison            Fire/Tmut/Pois 5%         N/A       34%         3
 Freezing Cloud           Conj/Ice/Air   7%         6-21      73%         5


Dungeon Overview and Level Annotations

Branches:
Dungeon (3/15)

Altars:
Nemelex Xobeh
Qazlal
Vehumet

Shops:
D:1 :

Annotations:
D:3 Pargi


Innate Abilities, Weirdness & Mutations

Your plain brown scales are hard. (AC +6)
You cannot fit into any form of body armour.
You are cold-blooded and may be slowed by cold attacks.


Message History

You miscast Dazzling Flash.
You are very lightly contaminated with residual magic.
Nothing appears to happen.
Pargi bites you. Pargi barely misses you. Pargi claws you but does no damage.
You closely miss Pargi.
Pargi is heavily wounded.
Pargi bites you!
* * * LOW HITPOINT WARNING * * *
Pargi claws you.
* * * LOW HITPOINT WARNING * * *
Pargi closely misses you.
It was a potion of flight.
You feel very buoyant.
You fly up into the air.
Pargi misses you. Pargi barely misses you. x2
It was a potion of degeneration.
There was something very wrong with that liquid.
You feel weakened.
You feel dopey.
You feel clumsy. Pargi bites you but does no damage.
Pargi claws you but does no damage. Pargi closely misses you.
It was a potion of invisibility.
You fade into invisibility!
Pargi bites you.
* * * LOW HITPOINT WARNING * * *
Pargi closely misses you. x2
It was a potion of experience.
You feel more experienced!
Your Fighting skill gained 4 levels and is now at level 5!
Your Dodging skill gained 3 levels and is now at level 4!
Your Spellcasting skill gained 4 levels and is now at level 6!
Your Conjurations skill gained 3 levels and is now at level 7!
Your Translocations skill gained 4 levels and is now at level 4!
You have reached level 6!
Your scales feel tougher.
Pargi closely misses you. Pargi claws you but does no damage.
Pargi barely misses you.
Okay, then.
It was a potion of might.
You feel very mighty all of a sudden. Pargi misses you. Pargi claws you.
You die...

..################
.......@.........#
....###T########.#
. #... #.# #.....
#.# ##...## #.#
##.## #.## #.#
#..# ## #.# ##.#
..# #.#


You could see Pargi (unable to see you).

Vanquished Creatures
  Natasha (thrice) (D:2)
  Robin (D:3)
  An adder (D:2)
  A worm (D:2)
  A dart slug (D:1)
  5 ball pythons
  4 endoplasms
  2 giant cockroaches
  17 goblins
  8 hobgoblins
  2 jackals (D:3)
  5 kobolds
  4 quokkas
  2 bats (D:1)
  8 rats
64 creatures vanquished.

Notes
Turn   | Place    | Note
-------+----------+-------------------------------------------
     0 | D:1      | testman the Draconian Conjurer began the quest for the Orb.
     0 | D:1      | Reached XP level 1. HP: 14/14 MP: 3/3
   187 | D:1      | Found Asaduthu's Book Shoppe.
   197 | D:1      | Reached skill level 1 in Fighting
   197 | D:1      | Reached XP level 2. HP: 20/23 MP: 5/5
   223 | D:1      | Learned a level 2 spell: Searing Ray
   851 | D:1      | Reached XP level 3. HP: 28/28 MP: 3/6
  1110 | D:2      | Learned a level 3 spell: Dazzling Flash
  1257 | D:2      | Found a faded altar of an unknown god.
  1401 | D:2      | Reached skill level 1 in Hexes
  1865 | D:2      | Noticed Natasha
  1870 | D:2      | Killed Natasha
  1871 | D:2      | Reached XP level 4. HP: 26/35 MP: 3/7
  1977 | D:2      | Noticed Natasha
  1982 | D:2      | Killed Natasha
  1982 | D:2      | Noticed Natasha
  1992 | D:2      | Killed Natasha
  1993 | D:2      | Reached XP level 5. HP: 16/40 MP: 2/8
  2201 | D:3      | Found a stormy altar of Qazlal.
  2328 | D:3      | Found a sparkling altar of Nemelex Xobeh.
  2343 | D:3      | Noticed Robin
  2350 | D:3      | Killed Robin
  2498 | D:3      | Found a radiant altar of Vehumet.
  2508 | D:3      | Became a worshipper of Vehumet
  2568 | D:3      | Noticed Pargi
  2599 | D:3      | HP: 1/40 [Pargi (5)]
  2600 | D:3      | Reached skill level 5 in Fighting
  2600 | D:3      | Reached skill level 7 in Conjurations
  2600 | D:3      | Reached XP level 6. HP: 1/56 MP: 0/15
  2601 | D:3      | Slain by Pargi

Illustrated notes

Levels and vault maps discovered:
D:1:      psy_arrival_radial01, layout_rooms, serial_shops,
          nicolae_shop_crystal, minmay_stone_trees_small, serial_bayou_ford_a,
          nicolae_figureground_pulse
D:2:      layout_loops_ring, dreamdust_ecumenical_altar_statues, uniq_natasha
D:3:      layout_loops_corners, nicolae_qazlal_scattered_showers,
          mainiacjoe_overflow_concentric_impassable, nicolae_vehumet_radiance,
          gammafunk_ghost_grave, uniq_pargi, uniq_robin

Skill      XL: |  1  2  3  4  5 |
---------------+----------------+-----
Fighting       | 1 5 |  5.0
Hexes          | 2 3 |  3.6
Dodging        | 4 |  4.3
Spellcasting   | 6 |  6.3
Conjurations   | 7 |  7.7
Translocations | 4 |  4.4
Stealth        | |  1.7

Action                     |  1- 3 |  4- 6 || total
---------------------------+-------+-------++-------
  Melee: Unarmed           |     7 |       ||     7
         Whip              |    16 |    26 ||    42
         Tailslap          |     6 |     6 ||    12
         Dagger            |    35 |    15 ||    50
         Punch             |     1 |       ||     1
   Cast: Magic Dart        |    67 |    20 ||    87
         Searing Ray       |     7 |     5 ||    12
         Dazzling Flash    |       |     1 ||     1
    Use: Potion            |       |     6 ||     6
   Stab: Sleeping          |     2 |       ||     2
 Armour: Skin              |    15 |    43 ||    58
  Dodge: Dodged            |    35 |    65 ||   100

Table legend: (Time is in decaauts)
 A = Elapsed time spent in this place.
 B = Non-inter-level travel time spent in this place.
 C = Inter-level travel time spent in this place.
 D = Time resting spent in this place.
 E = Time spent auto-exploring this place.
 F = Levels seen in this place.
 G = Mean time per level.
                   A        B        C        D        E       F      G
               +--------+--------+--------+--------+--------+-----+--------+
         Total |   2625 |   2540 |     85 |    145 |   1960 |   3 |  875.0 |
       Dungeon |   2625 |   2540 |     85 |    145 |   1960 |   3 |  875.0 |
               +--------+--------+--------+--------+--------+-----+--------+

Top non-repeatable levels by time:
     D:2: 1107 daAuts
     D:1: 1084 daAuts
     D:3: 433 daAuts
